 Dungeon Crawl Stone Soup version 0.28-a0-511-gcc94558de3 (webtiles) character file.

Game seed: 9854636447723572431

244 Umoon the Ducker (level 5, -4/54 HPs)
             Began as a Troll Monk on Sept 21, 2021.
             Slain by a black bear (9 damage)
             ... on level 4 of the Dungeon.
             The game lasted 00:03:58 (2985 turns).

Umoon the Ducker (Troll Monk)                       Turns: 2985, Time: 00:03:59

Health: -4/54      AC:  4    Str: 19    XL:     5   Next: 83%
Magic:  4/4        EV: 10    Int:  7    God:
Gold:   151        SH:  0    Dex: 12    Spells: 4/4 levels left

rFire   . . .      SeeInvis .   (no weapon)
rCold   . . .      Faith    .   (no shield)
rNeg    . . .      Spirit   .   b - +0 robe
rPois   .          Reflect  .   (helmet restricted)
rElec   .          Harm     .   (no cloak)
rCorr   .          Rampage  .   (gloves unavailable)
Will    .....                   (boots unavailable)
Stlth   ++........              (no amulet)
HPRegen 1.18/turn               (no ring)
MPRegen 0.09/turn               (no ring)

@: no status effects
A: large, unfitting armour, claws 3, regeneration 1, shaggy fur 1, tough skin 1
a: no special abilities


You were on level 4 of the Dungeon.
You visited 1 branch of the dungeon, and saw 4 of its levels.

You collected 151 gold pieces.

Inventory:

Hand Weapons
 a - a +0 hand axe
 o - a +0 war axe
Armour
 b - a +0 robe (worn)
Jewellery
 n - a ring of flight
Wands
 d - a wand of acid (8)
Scrolls
 f - a scroll of identify {unknown}
 i - a scroll of fear {unknown}
 j - a scroll of enchant armour {unknown}
 l - 3 scrolls of teleportation {unknown}
 m - a scroll of amnesia {unknown}
 q - a scroll of vulnerability {unknown}
Potions
 c - 2 potions of heal wounds {unknown}
 e - a potion of might {unknown}
 g - a potion of brilliance {unknown}
 h - a potion of curing {unknown}
 k - a potion of cancellation {unknown}
 p - a potion of attraction {unknown}


   Skills:
 + Level 3.7 Fighting
 + Level 3.7 Axes
 + Level 3.7 Dodging
 - Level 1.0 Stealth


You had 4 spell levels left.
You didn't know any spells.
Your spell library contained the following spells:

 Spells                   Type           Power      Damage    Failure   Level
 Animate Skeleton         Necr           0%         N/A       43%         1
 Apportation              Tloc           0%         N/A       43%         1
 Summon Small Mammal      Summ           0%         N/A       43%         1
 Corpse Rot               Necr/Air       N/A        N/A       56%         2
 Poisonous Vapours        Pois/Air       0%         N/A       56%         2


Dungeon Overview and Level Annotations

Branches:
Dungeon (4/15)
 Temple: D:4-7

Altars:
Wu Jian
Zin

Shops:
D:3 !

Annotations:
D:3 2 runed translucent doors, IdlyInterested's ghost, amateur DsGl


Innate Abilities, Weirdness & Mutations

You are too large for most types of armour.
You have claws for hands.
Your natural rate of healing is unusually fast.
You are covered in fur. (AC +1)
You have tough skin. (AC +1)


Message History

The black bear is heavily wounded.
The black bear bites you but does no damage.
The black bear claws you but does no damage.
The black bear claws you.
You scratch the black bear.
The black bear is heavily wounded.
The black bear bites you. The black bear closely misses you.
The black bear barely misses you.
You see here a quokka corpse.
You see here a quokka corpse.
You scratch the black bear.
The black bear is severely wounded.
The black bear bites you. The black bear claws you.
The black bear claws you but does no damage.
You scratch the black bear.
The black bear is almost dead.
The black bear bites you but does no damage.
The black bear claws you but does no damage.
The black bear misses you.
You barely miss the black bear.
The black bear is almost dead.
The black bear goes berserk!
You barely miss the black bear.
The black bear is almost dead.
The black bear bites you! The black bear claws you. x2
The black bear barely misses you. x2; The black bear claws you.
You scratch the black bear.
The black bear is almost dead.
The black bear bites you. The black bear claws you.
* * * LOW HITPOINT WARNING * * *
The black bear misses you.
You scratch the black bear but do no damage.
The black bear is almost dead.
The black bear bites you!
* * * LOW HITPOINT WARNING * * *
The black bear claws you.
* * * LOW HITPOINT WARNING * * *
The black bear claws you but does no damage.
The black bear bites you!
You die...

#######################
.......................
......................
.##.†......#........#
#.#.####.#..#####. #
#†..<#.#......#
#.####.#.####.#
#..h@..#......#
#.##########..#
...........#<..#
###.#.......#...#
..+..........##.#
#.#.............#
#.#......##########.
#.#####.............
#+############


You could see a black bear (berserk).

Vanquished Creatures
  A water moccasin skeleton (D:4)
  An orc priest (D:3)
  Terence (D:2)
  6 adders
  A shadow imp (D:3)
  2 dart slugs
  8 orcs
  6 ball pythons
  4 endoplasms
  3 giant cockroaches
  5 goblins
  9 hobgoblins
  4 jackals (D:1)
  2 quokkas
  5 bats
  A frilled lizard (D:1)
  3 kobolds
  9 rats
71 creatures vanquished.

Vanquished Creatures (others)
  A plant (D:1)
1 creature vanquished.

Grand Total: 72 creatures vanquished

Notes
Turn   | Place    | Note
-------+----------+-------------------------------------------
     0 | D:1      | Umoon the Troll Monk began the quest for the Orb.
     0 | D:1      | Reached XP level 1. HP: 22/22 MP: 0/0
   212 | D:1      | Reached XP level 2. HP: 29/29 MP: 1/1
   528 | D:1      | Reached XP level 3. HP: 36/36 MP: 2/2
   539 | D:1      | Found a faded altar of an unknown god.
   866 | D:2      | Reached XP level 4. HP: 45/45 MP: 3/3
   907 | D:2      | Found a glowing silver altar of Zin.
  1033 | D:2      | Noticed Terence
  1045 | D:2      | Killed Terence
  1657 | D:3      | Found a large runed translucent door.
  1657 | D:3      | Found a large runed translucent door.
  1660 | D:3      | Noticed IdlyInterested's ghost (amateur DsGl)
  1715 | D:3      | Found an ornate altar of the Wu Jian Council.
  1750 | D:3      | Found Asiakoj's Distillery.
  2212 | D:3      | Reached XP level 5. HP: 27/53 MP: 4/4
  2867 | D:4      | Noticed a black bear
  2985 | D:4      | Slain by a black bear

Illustrated notes

Levels and vault maps discovered:
D:1:      dpeg_arrival_oval, layout_basic,
          shapermc_ecumenical_altar_mp_urbaneastern
D:2:      layout_basic, basic_altar, uniq_terence
D:3:      layout_loops_corners, lemuel_doored_altar,
          ebering_ghost_disaster_area, serial_shops, nicolae_shop_stone
D:4:      layout_basic, minmay_temple_entry_glass, gup_sewer_entry_pipe

Skill      XL: |  1  2  3 |
---------------+----------+-----
Fighting       | 3 |  3.7
Axes           | 3 |  3.7
Dodging        | 3 |  3.7
Stealth        | |  1.0

Action                   |  1- 3 |  4- 6 || total
-------------------------+-------+-------++-------
Melee: Unarmed           |    97 |   148 ||   245
       War axe           |       |    14 ||    14
 Stab: Sleeping          |     3 |     5 ||     8
Armor: Robe              |    44 |    65 ||   109
Dodge: Dodged            |    63 |   108 ||   171

Table legend: (Time is in decaauts)
 A = Elapsed time spent in this place.
 B = Non-inter-level travel time spent in this place.
 C = Inter-level travel time spent in this place.
 D = Time resting spent in this place.
 E = Time spent auto-exploring this place.
 F = Levels seen in this place.
 G = Mean time per level.
                   A        B        C        D        E       F      G
               +--------+--------+--------+--------+--------+-----+--------+
         Total |   2987 |   2924 |     63 |    134 |   2103 |   4 |  746.8 |
       Dungeon |   2987 |   2924 |     63 |    134 |   2103 |   4 |  746.8 |
               +--------+--------+--------+--------+--------+-----+--------+

Top non-repeatable levels by time:
     D:3: 1098 daAuts
     D:2: 985 daAuts
     D:1: 720 daAuts
     D:4: 184 daAuts
